 Dungeon Crawl Stone Soup version 0.29-a0-542-g075992c915 (webtiles) character file.

Game seed: 10054407254682172695

7970 lunkers the Merchant of Misery (level 11, -1/68 HPs)
             Began as a Vampire Necromancer on June 4, 2022.
             Was a Believer of Kikubaaqudgha.
             Killed from afar by a molten gargoyle (19 damage)
             ... with a bolt of magma
             ... on level 9 of the Dungeon.
             The game lasted 00:16:38 (7767 turns).

lunkers the Merchant of Misery (VpNe)               Turns: 7767, Time: 00:16:38

Health: -1/68      AC: 11    Str:  7    XL:     11   Next: 3%
Magic:  13/24      EV: 13    Int: 25    God:    Kikubaaqudgha [**....]
Gold:   1451       SH:  0    Dex: 21    Spells: 16/28 levels left

rFire   . . .      SeeInvis +   a - +6 quarterstaff of Qylayn {vorpal, Int+3}
rCold   . . .      Faith    .   (shield currently unavailable)
rNeg    . . .      Spirit   .   g - +0 robe
rPois   .          Reflect  .   n - +1 helmet
rElec   .          Harm     .   u - +1 cloak
rCorr   .          Rampage  .   f - +0 pair of gloves
Will    +....                   (no boots)
Stlth   +++.......              p - amulet of regeneration
HPRegen 1.21/turn               l - +4 ring of protection
MPRegen 0.19/turn               y - +6 ring of dexterity

@: about to teleport, healing quickly
A: alive, fangs 3, see invisible, vampiric 2
a: Exsanguinate, Renounce Religion, Unearth Wretches


You were on level 9 of the Dungeon.
You worshipped Kikubaaqudgha.
Kikubaaqudgha was pleased with you.
You visited 1 branch of the dungeon, and saw 9 of its levels.

You collected 1866 gold pieces.
You spent 415 gold pieces at shops.

Inventory:

Hand Weapons
 a - the +6 quarterstaff of Qylayn (weapon) {vorpal, Int+3}
   (You found it on level 3 of the Dungeon)

   It inflicts extra damage upon your enemies.
   Int:       It affects your intelligence (+3).
 b - a +3 dagger of venom
 j - a +1 vampiric dagger
 F - a +4 short sword
Missiles
 z - a throwing net
Armour
 f - a +0 pair of gloves (worn)
 g - a +0 robe (worn)
 n - a +1 helmet (worn)
 u - a +1 cloak (worn)
 G - a +0 buckler
Magical Staves
 q - a staff of conjuration
Jewellery
 l - a +4 ring of protection (left hand)
 p - an amulet of regeneration (around neck)
 y - a +6 ring of dexterity (right hand)
 A - a ring of protection from fire
 E - a ring of poison resistance
Wands
 B - a wand of charming (11)
Scrolls
 c - 3 scrolls of immolation
 i - a scroll of magic mapping
 k - 4 scrolls of enchant armour
 m - a scroll of amnesia
 r - 3 scrolls of teleportation
 x - a scroll of silence {unknown}
 C - 2 scrolls of vulnerability
Potions
 d - 5 potions of mutation
 e - 2 potions of might
 h - 4 potions of cancellation
 o - 2 potions of magic
 s - 2 potions of attraction
 t - 2 potions of invisibility
 v - 3 potions of brilliance
 w - 3 potions of curing
 D - a potion of lignification {unknown}
 H - a potion of heal wounds


   Skills:
 - Level 2.1 Dodging
 - Level 3.0 Stealth
 + Level 9.3 Spellcasting
 * Level 15.6 Necromancy


You had 16 spell levels left.
You knew the following spells:

 Your Spells              Type           Power      Damage    Failure   Level
a - Necrotize             Necr           100%       1d9       0%          1
b - Vampiric Draining     Necr           74%        2d11      1%          3
c - Animate Dead          Necr           74%        N/A       1%          4
d - Anguish               Hex/Necr       25%        N/A       2%          4

Your spell library contained the following spells:

 Spells                   Type           Power      Damage    Failure   Level
 Agony                    Necr           74%        N/A       1%          5
 Foxfire                  Conj/Fire      44%        2x1d6     5%          1
 Summon Small Mammal      Summ           44%        N/A       5%          1
 Ensorcelled Hibernation  Hex/Ice        22%        N/A       8%          2
 Passwall                 Tmut/Erth      9%         N/A       8%          2
 Call Canine Familiar     Summ           11%        N/A       16%         3
 Conjure Flame            Conj/Fire      11%        6-21      16%         3
 Inner Flame              Hex/Fire       11%        N/A       16%         3
 Portal Projectile        Hex/Tloc       22%        N/A       16%         3
 Summon Guardian Golem    Hex/Summ       11%        N/A       16%         3
 Swiftness                Air            11%        N/A       16%         3
 Flame Wave               Conj/Fire      11%        2d5       45%         4
 Leda's Liquefaction      Hex/Erth       5%         N/A       45%         4
 Orb of Destruction       Conj           5%         9d5       100%        7
 Spellforged Servitor     Conj/Summ      5%         N/A       100%        7


Dungeon Overview and Level Annotations

Branches:
Dungeon (9/15)             Temple (0/1) D:7
   Lair: D:8-11         Orc: D:9-12

Altars:
Dithmenos
Kikubaaqudgha
Okawaru
Qazlal
Sif Muna

Shops:
D:4 *   D:6 !

Annotations:
D:9 3 runed translucent doors


Innate Abilities, Weirdness & Mutations

Your natural rate of healing is accelerated.
You have razor-sharp teeth.
You have supernaturally acute eyesight. (SInv)
You are afflicted with vampirism and can become a bat while bloodless.


Message History

Confirm with . or Enter, or press ? or * to list all spells.
Casting: Anguish (dangerous; 2% risk of failure)
Press: ? - help, Dir - look around, f - activate The molten gargoyle easily resists.
You hear a shout!
Your yak zombie gores the molten gargoyle but does no damage.
The molten gargoyle hits your yak zombie with a +0 mace!
Your yak zombie is engulfed in flames!
Casting: Anguish (dangerous; 2% risk of failure)
Confirm with . or Enter, or press ? or * to list all spells.
Casting: Anguish (dangerous; 2% risk of failure)
Press: ? - help, Dir - look around, f - activate The molten gargoyle resists with some effort.
Your yak zombie gores the molten gargoyle.
Something hits your yak zombie!
Your yak zombie is engulfed in flames!
The molten gargoyle blasts magma at you!
The bolt of magma hits your yak zombie!!
Your yak zombie is destroyed!
The bolt of magma hits your yak zombie!!
Found an escape hatch in the floor.
Something hits your yak zombie.
Your yak zombie is destroyed!
The molten gargoyle hits your yak zombie with a +0 mace!!
Your yak zombie is destroyed!
Casting: Anguish (dangerous; 2% risk of failure)
Confirm with . or Enter, or press ? or * to list all spells.
Casting: Anguish (dangerous; 2% risk of failure)
Press: ? - help, Dir - look around, f - activate The molten gargoyle resists with some effort.
The molten gargoyle blasts magma at you!
The bolt of magma hits your yak zombie!
Your yak zombie is destroyed!
The molten gargoyle hits your yak zombie with a +0 mace!
Your yak zombie is destroyed!
An orc comes into view. It is wielding a +0 short sword.
As you read the scroll of teleportation, it crumbles to dust.
You feel strangely unstable.
The molten gargoyle blasts magma at you!
The bolt of magma hits you!!
You die...
Kikubaaqudgha rasps: "You have failed me!
Welcome... death!"

#..#.#
#...####### ..
#####...########
#.
...............#
...............#
...............#
...............#
#####..........#
#..........#
#....@.....#
#..........#
#..........#
..>..........#
.####......9.##
########o.##
###...# #.#.#9#
#.#Z#.#


You could see 2 molten gargoyles and an orc.

Vanquished Creatures
  Grinder (D:4)
  A shadow (D:9)
  9 yaks
  A steam dragon (D:7)
  4 water moccasins
  Duvessa (D:4)
  2 ice beasts
  4 orc warriors
  2 sky beasts (D:7)
  3 black bears
  2 ogres
  2 phantoms
  A kobold brigand (D:9)
  2 bullfrogs
  2 scorpions
  Dowan (D:4)
  7 howler monkeys (D:8)
  4 hounds
  3 jellies
  A gnoll shaman (D:6)
  4 iguanas
  Ijyb (D:4)
  10 orc wizards
  8 adders
  3 gnolls (D:8)
  A shadow imp (D:6)
  An ufetubus (D:6)
  2 worms (D:4)
  3 dart slugs
  13 orcs
  3 ball pythons
  5 endoplasms
  4 giant cockroaches
  6 goblins
  6 hobgoblins
  3 jackals (D:3)
  4 quokkas
  13 bats
  3 frilled lizards
  4 kobolds
  6 rats
156 creatures vanquished.

Vanquished Creatures (collateral kills)
  3 yaks (D:9)
  A steam dragon (D:7)
  An acid dragon (D:9)
  2 kobold brigands
  A bullfrog (D:8)
  4 killer bees (D:9)
  2 howler monkeys
  2 orc priests (D:8)
  An adder (D:3)
  2 orcs (D:9)
  2 endoplasms
  9 kobolds (D:9)
30 creatures vanquished.

Vanquished Creatures (others)
  A two-headed ogre (D:8)
  Maurice (D:9)
  A vampire (D:7)
  5 yaks (D:9)
  A water moccasin zombie (D:8)
  14 yak zombies
  A hound zombie (D:6)
  5 howler monkey zombies (D:8)
  2 adder zombies (D:6)
  8 orc zombies
  A kobold (D:9)
  4 kobold zombies (D:9)
44 creatures vanquished.

Grand Total: 230 creatures vanquished

Notes
Turn   | Place    | Note
-------+----------+-------------------------------------------
     0 | D:1      | lunkers the Vampire Necromancer began the quest for the
                  | Orb.
     0 | D:1      | Reached XP level 1. HP: 13/13 MP: 3/3
   237 | D:1      | Reached XP level 2. HP: 19/19 MP: 3/5
   622 | D:1      | Reached skill level 5 in Necromancy
  1089 | D:2      | Gained mutation: You are afflicted with vampirism and can
                  | become a bat while bloodless. [Vampire growth]
  1089 | D:2      | Reached XP level 3. HP: 24/24 MP: 4/6
  1093 | D:2      | Learned a level 3 spell: Vampiric Draining
  1988 | D:3      | Reached XP level 4. HP: 30/30 MP: 6/8
  2179 | D:3      | Identified the +6 quarterstaff of Qylayn {vorpal, Int+3}
  2286 | D:3      | Reached skill level 6 in Necromancy
  2354 | D:3      | Found a faded altar of an unknown god.
  2436 | D:3      | Noticed a black bear
  2447 | D:3      | Killed a black bear
  2448 | D:3      | Reached XP level 5. HP: 29/35 MP: 2/10
  2450 | D:3      | Found an iron altar of Okawaru.
  2641 | D:4      | Noticed Grinder
  2651 | D:4      | Paralysed by Grinder for 3 turns
  2659 | D:4      | Killed Grinder
  2660 | D:4      | Reached skill level 7 in Necromancy
  2660 | D:4      | Reached XP level 6. HP: 11/41 MP: 10/12
  2821 | D:4      | Noticed Dowan
  2825 | D:4      | Found Uraineuw's Neck Hole.
  2846 | D:4      | Reached skill level 8 in Necromancy
  2846 | D:4      | Reached XP level 7. HP: 23/46 MP: 0/13
  2911 | D:4      | Bought a +1 cloak for 115 gold pieces
  2949 | D:4      | Noticed Duvessa
  2962 | D:4      | Killed Duvessa
  2968 | D:4      | Killed Dowan
  3189 | D:4      | Noticed Ijyb
  3197 | D:4      | Killed Ijyb
  3208 | D:4      | Learned a level 4 spell: Animate Dead
  3438 | D:5      | Entered Level 5 of the Dungeon
  3446 | D:5      | Reached skill level 9 in Necromancy
  3485 | D:5      | Reached skill level 5 in Spellcasting
  3669 | D:5      | Reached XP level 8. HP: 46/52 MP: 15/15
  3753 | D:5      | Found an ancient bone altar of Kikubaaqudgha.
  3859 | D:5      | Became a worshipper of Kikubaaqudgha
  4024 | D:5      | Reached skill level 10 in Necromancy
  4118 | D:6      | Found Ogiat's Distillery.
  4720 | D:6      | Reached skill level 11 in Necromancy
  5043 | D:6      | Found a shimmering blue altar of Sif Muna.
  5054 | D:6      | Reached XP level 9. HP: 44/57 MP: 14/18
  5556 | D:7      | Reached skill level 12 in Necromancy
  5560 | D:7      | Reached * piety under Kikubaaqudgha
  5560 | D:7      | Received a gift from Kikubaaqudgha
  5569 | D:7      | Learned a level 4 spell: Anguish
  5844 | D:7      | Found a shadowy altar of Dithmenos.
  5866 | D:7      | Identified a scroll of acquirement
  5866 | D:7      | Acquired 1250 gold pieces
  6329 | D:7      | Found a staircase to the Ecumenical Temple.
  6538 | D:7      | Reached skill level 13 in Necromancy
  6618 | D:4      | Bought an amulet of regeneration for 300 gold pieces
  6781 | D:8      | Reached XP level 10. HP: 51/63 MP: 15/21
  6799 | D:8      | Noticed a two-headed ogre
  6814 | D:8      | Killed a two-headed ogre
  6815 | D:8      | Reached skill level 14 in Necromancy
  7201 | D:8      | Found a stormy altar of Qazlal.
  7414 | D:9      | Reached ** piety under Kikubaaqudgha
  7528 | D:9      | Reached skill level 15 in Necromancy
  7585 | D:9      | Found a runed translucent gate.
  7595 | D:9      | Reached XP level 11. HP: 53/68 MP: 18/24
  7618 | D:9      | Noticed Maurice
  7634 | D:9      | Killed Maurice
  7635 | D:9      | Found a runed translucent gate.
  7643 | D:9      | Found a runed translucent gate.
  7767 | D:9      | Killed from afar by a molten gargoyle

Illustrated notes

Levels and vault maps discovered:
D:1:      elethiomel_arrival_fortress_basement, layout_loops_cross
D:2:      layout_loops_ring
D:3:      layout_basic, lemuel_coloured_pillars_altar,
          dreamdust_ecumenical_altar_hidden_monk_grotto
D:4:      layout_rooms, minmay_misc_feat_more_columns,
          nicolae_shop_sticking_my_neck_out, uniq_grinder, uniq_ijyb,
          uniq_duvessa
D:5:      layout_basic, kennysheep_mini
D:6:      layout_cave_pods, kennysheep_orc_sif_temple, serial_shops,
          nicolae_shop_hallway_stairs, kennysheep_small_circle
D:7:      layout_basic, lemuel_doored_altar, minmay_temple_entry_enclosed_plants
D:8:      minmay_recursive_quarters, layout_basic, overflow_temple_1_default
D:9:      layout_small_grid, gammafunk_ghost_icy, minivault_8, uniq_grum,
          uniq_maurice

Skill      XL: |  1  2  3  4  5  6  7  8  9 10 |
---------------+-------------------------------+-----
Necromancy     | 5 6 7 8 9 11 13 15 | 15.6
Spellcasting   | 3 4 5 6 7 9 |  9.3
Dodging        | |  2.1
Stealth        | |  3.0

Action                   |  1- 3 |  4- 6 |  7- 9 | 10-12 || total
-------------------------+-------+-------+-------+-------++-------
Melee: Dagger            |     4 |     5 |       |       ||     9
       Quarterstaff      |       |    27 |   198 |   107 ||   332
       Bite              |       |     4 |    21 |    12 ||    37
 Cast: Necrotize         |    62 |    21 |    48 |     1 ||   132
       Vampiric Draining |       |     7 |    27 |     9 ||    43
       Animate Dead      |       |       |     9 |     2 ||    11
       Anguish           |       |       |     1 |     7 ||     8
Evoke: Wand              |       |       |     3 |       ||     3
  Use: Scroll            |     2 |       |    17 |     2 ||    21
 Stab: Sleeping          |     2 |       |     8 |       ||    10
Armor: Robe              |     4 |    28 |   108 |    65 ||   205
Dodge: Dodged            |     6 |    31 |   177 |   116 ||   330

Table legend: (Time is in decaauts)
 A = Elapsed time spent in this place.
 B = Non-inter-level travel time spent in this place.
 C = Inter-level travel time spent in this place.
 D = Time resting spent in this place.
 E = Time spent auto-exploring this place.
 F = Levels seen in this place.
 G = Mean time per level.
                   A        B        C        D        E       F      G
               +--------+--------+--------+--------+--------+-----+--------+
         Total |   7879 |   7443 |    436 |    280 |   5499 |   9 |  875.4 |
       Dungeon |   7879 |   7443 |    436 |    280 |   5499 |   9 |  875.4 |
               +--------+--------+--------+--------+--------+-----+--------+

Top non-repeatable levels by time:
     D:7: 1297 daAuts
     D:6: 1267 daAuts
     D:1: 990 daAuts
     D:4: 862 daAuts
     D:2: 844 daAuts
     D:3: 789 daAuts
     D:8: 722 daAuts
     D:5: 690 daAuts
     D:9: 414 daAuts
